 Dungeon Crawl Stone Soup version 0.28-a0-1545-g945cd3f27e (webtiles) character file.

Game seed: 1455551688991203362

1821 BritishOli the Chopper (level 8, -1/64 HPs)
             Began as a Demonspawn Gladiator on Jan 18, 2022.
             Was a Believer of Okawaru.
             Killed from afar by an electric eel (4 damage)
             ... with a bolt of electricity
             ... on level 6 of the Dungeon.
             The game lasted 00:05:57 (6396 turns).

BritishOli the Chopper (Demonspawn Gladiator)       Turns: 6396, Time: 00:05:58

Health: -1/64      AC: 12    Str: 23    XL:     8   Next: 85%
Magic:  0/8        EV: 12    Int:  5    God:    Okawaru [**....]
Gold:   387        SH:  4    Dex: 24    Spells: 7/7 levels left

rFire   . . .      SeeInvis .   h - +7 trident of Zootikai {vorpal, +Blink Int-4 Dex+3}
rCold   . . .      Faith    .   (no shield)
rNeg    . . .      Spirit   +   j - +0 scale mail
rPois   .          Reflect  .   c - +0 helmet
rElec   .          Harm     .   (no cloak)
rCorr   .          Rampage  .   (no gloves)
Will    .....                   (no boots)
Stlth   +.........              g - amulet of guardian spirit
HPRegen 0.20/turn               m - +6 ring of strength
MPRegen 0.11/turn               r - +6 ring of dexterity

@: no status effects
A: icemail 1, spiny 1, condensation shield, weakness stinger 1
a: Renounce Religion, Evoke Blink, Heroism


You were on level 6 of the Dungeon.
You worshipped Okawaru.
Okawaru was pleased with you.
You visited 2 branches of the dungeon, and saw 7 of its levels.

You collected 387 gold pieces.

Inventory:

Hand Weapons
 a - a +0 war axe
 h - the +7 trident of Zootikai (weapon) {vorpal, +Blink Int-4 Dex+3}
   (You found it on level 2 of the Dungeon)

   It inflicts extra damage upon your enemies.
   Int:       It affects your intelligence (-4).
   Dex:       It affects your dexterity (+3).
   +Blink:    It lets you blink.
 l - the +7 sceptre of Torment {pain, torment}
   (You found it on level 3 of the Dungeon)

   In the hands of one skilled in necromantic magic, it inflicts extra damage on
   living creatures.
   It occasionally torments all nearby living foes when it strikes in combat.
Missiles
 d - 4 throwing nets (quivered)
Armour
 c - a +0 helmet (worn)
 j - a +0 scale mail (worn)
Jewellery
 g - an amulet of guardian spirit (around neck)
 m - a +6 ring of strength (left hand)
 p - an amulet of magic regeneration
 r - a +6 ring of dexterity (right hand)
Wands
 y - a wand of acid (13)
Scrolls
 e - 2 scrolls of magic mapping {unknown}
 f - 2 scrolls of fog {unknown}
 i - 3 scrolls of identify {unknown}
 o - 3 scrolls of teleportation {unknown}
 t - a scroll of noise {unknown}
 v - a scroll of torment {unknown}
 w - a scroll of silence {unknown}
 x - a scroll of acquirement {unknown}
Potions
 b - a potion of attraction {unknown}
 k - a potion of curing {unknown}
 n - a potion of mutation {unknown}
 q - 2 potions of might {unknown}
 s - 2 potions of degeneration {unknown}
 u - a potion of haste {unknown}


   Skills:
 + Level 6.0 Fighting
 * Level 7.8 Axes
 - Level 2.1 Throwing
 + Level 4.9 Armour
 - Level 3.0 Dodging


You had 7 spell levels left.
You didn't know any spells.
Your spell library contained the following spells:

 Spells                   Type           Power      Damage    Failure   Level
 Apportation              Tloc           0%         N/A       78%         1
 Sandblast                Erth           0%         2d4       78%         1
 Passwall                 Tmut/Erth      0%         N/A       89%         2
 Scorch                   Fire           0%         2d5       89%         2
 Dazzling Flash           Conj/Hex       0%         N/A       98%         3
 Stone Arrow              Conj/Erth      0%         3d7       98%         3
 Flame Wave               Conj/Fire      0%         2d4       100%        4
 Agony                    Necr           0%         N/A       100%        5
 Silence                  Hex/Air        0%         N/A       100%        5
 Animate Skeleton         Necr           Unusable   N/A       N/A         1
 Summon Small Mammal      Summ           Unusable   N/A       N/A         1
 Summon Cactus Giant      Summ           Unusable   N/A       N/A         6

Dungeon Overview and Level Annotations

Branches:
Dungeon (6/15)             Temple (1/1) D:4

Altars:
Ashenzari
Cheibriados
Dithmenos
Elyvilon
Fedhas
Gozag
Hepliaklqana
Kikubaaqudgha
Makhleb
Nemelex Xobeh
Okawaru
Qazlal
Ru
Sif Muna
Trog
Uskayaw
Vehumet
Wu Jian
Xom
Yredelemnul
Zin
The Shining One


Innate Abilities, Weirdness & Mutations

A meltable icy envelope protects you from harm. (AC +4)
You are partially covered in sharp spines.
A meltable shield of frost defends you. (SH +4)
You have a small tail.


Message History

The electric eel shoots out a bolt of lightning at you!
The bolt of electricity hits you!
An electric eel is nearby!
An electric eel is nearby!
An electric eel is nearby!
The electric eel shoots out a bolt of lightning at you!
The bolt of electricity hits you!
An electric eel is nearby!
A shadow imp comes into view.
The shadow imp shouts, "Back with thee, thou pandering earth-vexing baggage!"
The electric eel shoots out a bolt of lightning at you!
The bolt of electricity misses you.
There are monsters nearby!
There are monsters nearby!
You reach to attack!
You closely miss the electric eel. You puncture the electric eel!
The electric eel is almost dead.
There are monsters nearby!
There are monsters nearby!
The electric eel shoots out a bolt of lightning at you!
The bolt of electricity hits you! The bolt of electricity hits you.
The bolt of electricity hits the electric eel.
The electric eel completely resists.
The electric eel shoots out a bolt of lightning at you!
The bolt of electricity hits you! x2
* * * LOW HITPOINT WARNING * * *
The bolt of electricity hits the electric eel.
The electric eel completely resists.
The electric eel shoots out a bolt of lightning at you!
The bolt of electricity misses you. The bolt of electricity hits you.
* * * LOW HITPOINT WARNING * * *
The bolt of electricity hits the electric eel.
The electric eel completely resists.
The shadow imp hits you but does no damage.
The shadow imp gestures at you. Pain shoots through your body!
* * * LOW HITPOINT WARNING * * *
The electric eel shoots out a bolt of lightning at you!
The bolt of electricity hits you.
You die...

##### #...# ######
#...#
###....####...###
............>...#
....##...#.#'##.#
.#######.#.#.##.#
.#
##+#+#....########
.#
#.........@5......
.#
#.......≈≈≈S≈≈≈≈≈#
##
#......≈≈#######≈≈
#.....≈≈##
#....≈≈## #....≈##
#....≈≈ #....≈#
#....≈#


You could see an electric eel and a shadow imp.

Vanquished Creatures
  3 ogres
  A black bear (D:5)
  2 centaurs (D:5)
  2 phantoms (D:5)
  3 howler monkeys
  The ghost of bgiannan the Skirmisher, a weakling GrFi (D:3)
  A bullfrog zombie (D:5)
  3 quasits (D:3)
  3 orc priests
  5 hounds
  A bullfrog skeleton (D:4)
  3 jellies
  An iguana (D:5)
  3 orc wizards
  15 gnolls
  8 adders
  A howler monkey skeleton (D:5)
  An adder skeleton (D:4)
  4 worms
  3 dart slugs
  34 orcs
  3 bats
  14 endoplasms
  3 giant cockroaches
  14 goblins
  7 hobgoblins
  14 jackals
  6 quokkas
  4 ball pythons
  4 frilled lizards
  5 kobolds
  7 rats
179 creatures vanquished.

Vanquished Creatures (others)
  6 plants
6 creatures vanquished.

Grand Total: 185 creatures vanquished

Notes
Turn   | Place    | Note
-------+----------+-------------------------------------------
     0 | D:1      | BritishOli the Demonspawn Gladiator began the quest for the
                  | Orb.
     0 | D:1      | Reached XP level 1. HP: 16/16 MP: 1/1
   242 | D:1      | Found a faded altar of an unknown god.
   294 | D:1      | Gained mutation: A meltable shield of frost defends you.
                  | (SH +4) [demonic ancestry]
   294 | D:1      | Reached XP level 2. HP: 22/22 MP: 2/2
   456 | D:1      | You fall into a shaft and drop 1 floor!
   456 | D:2      | Found an ancient bone altar of Kikubaaqudgha.
   570 | D:2      | Reached skill level 3 in Axes
   841 | D:1      | Reached XP level 3. HP: 28/28 MP: 3/3
  1300 | D:2      | Identified the +7 trident of Zootikai {vorpal, +Blink Int-4
                  | Dex+3}
  1861 | D:3      | Reached skill level 1 in Armour
  1910 | D:3      | Reached XP level 4. HP: 34/34 MP: 4/4
  1967 | D:3      | Found a transporter.
  1971 | D:3      | Noticed bgiannan's ghost (weakling GrFi)
  2071 | D:3      | Found a transporter.
  2269 | D:3      | Found the +7 sceptre of Torment {pain, torment}
  2291 | D:3      | Reached skill level 4 in Axes
  2291 | D:3      | Gained mutation: You have a small tail. [demonic ancestry]
  2291 | D:3      | Reached XP level 5. HP: 41/41 MP: 5/5
  2299 | D:3      | Noticed an ogre
  2810 | D:4      | Reached XP level 6. HP: 29/47 MP: 3/6
  2990 | D:4      | Reached skill level 5 in Axes
  3170 | D:4      | Found a staircase to the Ecumenical Temple.
  3222 | Temple   | Entered the Ecumenical Temple
  3360 | Temple   | Became a worshipper of Warmaster Okawaru
  3542 | D:5      | Entered Level 5 of the Dungeon
  3612 | D:5      | Gained mutation: You are partially covered in sharp spines.
                  | [demonic ancestry]
  3612 | D:5      | Reached XP level 7. HP: 54/54 MP: 7/7
  3621 | D:5      | Found an ancient bone altar of Kikubaaqudgha.
  4079 | D:3      | Reached skill level 6 in Axes
  4166 | D:3      | Reached * piety under Okawaru
  4383 | D:3      | Gained mutation: A meltable icy envelope protects you from
                  | harm. (AC +4) [demonic ancestry]
  4383 | D:3      | Reached XP level 8. HP: 61/61 MP: 8/8
  4684 | D:3      | Reached skill level 5 in Fighting
  4700 | D:3      | Killed bgiannan's ghost
  4852 | D:5      | Reached skill level 7 in Axes
  5861 | D:6      | Reached ** piety under Okawaru
  6396 | D:6      | HP: 3/64 [shadow imp/nerve-wracking pain (10)]
  6396 | D:6      | Killed from afar by an electric eel

Illustrated notes

Levels and vault maps discovered:
D:1:      kennysheep_arrival_seaside, layout_basic, basic_ecumenical_altar,
          chequers_jeans
D:2:      layout_basic, basic_altar
D:3:      lemuel_castle_with_subvaults [lemuel_castle_interior_carwin_2],
          layout_basic, gammafunk_ghost_stat_death, nrook_loot_triangle,
          minmay_unequal
D:4:      layout_cave_pools, temple_fountains, minmay_misc_feat_rows,
          minmay_ogre_servants
D:5:      layout_basic, nicolae_kikubaaqudgha_miasma_corner, serial_bayou_ford_a
D:6:      layout_basic, kennysheep_flooded_box, water_maze_lemuel
Temple:   roderic_octagonal_lattice_temple

Skill      XL: |  1  2  3  4  5  6  7  8 |
---------------+-------------------------+-----
Axes           | 3 4 5 6 7 |  7.8
Throwing       | 2 |  2.1
Dodging        | 3 |  3.0
Armour         | 1 2 3 4 |  4.9
Fighting       | 3 4 6 |  6.0

Action                   |  1- 3 |  4- 6 |  7- 9 || total
-------------------------+-------+-------+-------++-------
Melee: War axe           |    73 |       |       ||    73
       Punch             |     2 |       |     3 ||     5
       Trident           |    21 |   119 |   175 ||   315
       Tailslap          |       |     6 |    13 ||    19
 Stab: Sleeping          |     1 |       |       ||     1
Armor: Leather armour    |    27 |       |       ||    27
       Scale mail        |     3 |    24 |    77 ||   104
Dodge: Dodged            |    47 |    35 |    98 ||   180
Block: Other             |    12 |    13 |    39 ||    64

Table legend: (Time is in decaauts)
 A = Elapsed time spent in this place.
 B = Non-inter-level travel time spent in this place.
 C = Inter-level travel time spent in this place.
 D = Time resting spent in this place.
 E = Time spent auto-exploring this place.
 F = Levels seen in this place.
 G = Mean time per level.
                   A        B        C        D        E       F      G
               +--------+--------+--------+--------+--------+-----+--------+
         Total |   6491 |   6160 |    331 |    273 |   4792 |   7 |  927.3 |
       Dungeon |   6198 |   5887 |    311 |    273 |   4545 |   6 | 1033.0 |
        Temple |    293 |    273 |     20 |      0 |    247 |   1 |  293.0 |
               +--------+--------+--------+--------+--------+-----+--------+

Top non-repeatable levels by time:
     D:3: 1613 daAuts
     D:5: 1141 daAuts
     D:2: 1082 daAuts
     D:1: 971 daAuts
     D:4: 769 daAuts
     D:6: 620 daAuts
  Temple: 293 daAuts
